 Dungeon Crawl Stone Soup version 0.31-a0-345-g1ebeae05c6 (webtiles) character file.

Game seed: 16758863845893823424

6342 ddddddddddd the Mimic (level 10, -29/98 HPs)
             Began as a Troll Shapeshifter on July 22, 2023.
             Was an Elder of Okawaru.
             Annihilated by an ettin
             ... wielding a +0 dire flail
              (33 damage)
             ... on level 2 of the Orcish Mines.
             The game lasted 00:08:56 (6964 turns).

ddddddddddd the Mimic (Troll Shapeshifter)          Turns: 6964, Time: 00:08:56

Health: -29/98     AC: 11    Str: 29    XL:     10   Next: 64%
Magic:  12/12      EV: 13    Int:  4    God:    Okawaru [****..]
Gold:   375        SH:  9    Dex: 10    Spells: 9/9 levels left

rFire   . .          .
                       - Unarmed
rCold   . . .        v - +0 kite shield
rNeg    . . .        L - +0 steam dragon scales
rPois   .            (helmet currently unavailable)
rElec   .            (cloak currently unavailable)
rCorr   .            (gloves unavailable)
SInv    .            (boots unavailable)
Will    .....        F - amulet of regeneration
Stlth   +            G - +5 ring of evasion
HPRegen 1.96/turn    J - +4 ring of protection
MPRegen 0.13/turn

%: no passive effects
@: beast-form
A: beast (slay +6), large, unfitting armour, claws 3, regeneration 1, shaggy fur
1, tough skin 1
a: Begin Untransformation, Renounce Religion, Heroism, Finesse


You were on level 2 of the Orcish Mines.
You worshipped Okawaru.
Okawaru was greatly pleased with you.
You were a hulking beast.
You visited 3 branches of the dungeon, and saw 12 of its levels.

You collected 605 gold pieces.
You spent 230 gold pieces at shops.

Inventory:

Missiles
 E - 4 throwing nets
Armour
 a - a +0 animal skin
 v - a +0 kite shield (worn)
 K - a +2 hat
 L - +0 steam dragon scales (worn)
 S - a +0 cloak
Jewellery
 h - a ring of protection from fire
 m - a +6 ring of dexterity
 t - an amulet of magic regeneration
 F - an amulet of regeneration (around neck)
 G - a +5 ring of evasion (left claw)
 H - a ring of fire
 I - a ring of willpower
 J - a +4 ring of protection (right claw)
 M - a ring of resist corrosion
 O - a ring of willpower
 P - a ring of flight
Talismans
 c - a beast talisman
Wands
 p - a wand of flame (46)
 N - a wand of iceblast (10)
 Q - a wand of mindburst (11)
Scrolls
 e - 3 scrolls of amnesia
 i - 2 scrolls of immolation
 j - 4 scrolls of teleportation
 k - 5 scrolls of fear
 n - a scroll of silence
 q - 4 scrolls of revelation
 u - 3 scrolls of enchant armour
 x - a scroll of noise
 y - a scroll of brand weapon
 A - a scroll of vulnerability {unknown}
 D - 2 scrolls of blinking {unknown}
 R - a scroll of fog {unknown}
 T - a scroll of torment {unknown}
Potions
 b - 2 potions of lignification
 d - a potion of berserk rage {unknown}
 g - a potion of enlightenment {unknown}
 l - 2 potions of curing {unknown}
 o - 2 potions of invisibility {unknown}
 r - 2 potions of attraction {unknown}
 s - a potion of mutation {unknown}
 w - a potion of haste {unknown}
 z - a potion of might {unknown}
 B - a potion of heal wounds {unknown}
 C - 2 potions of magic {unknown}


   Skills:
 + Level 5.7 Fighting
 - Level 1.5 Dodging
 + Level 5.8 Shields
 + Level 7.4 Unarmed Combat
 + Level 5.0 Invocations
 * Level 8.8 Shapeshifting


You had 9 spell levels left.
You didn't know any spells.
Your spell library contained the following spells:

 Spells                   Type           Power      Damage    Failure   Level
 Sandblast                Erth           0%         2d4       71%         1
 Slow                     Hex            0%         N/A       71%         1
 Confusing Touch          Hex            0%         N/A       97%         3
 Stone Arrow              Conj/Erth      0%         3d7       97%         3
 Vampiric Draining        Necr           0%         2d6       97%         3
 Lehudib's Crystal Spear  Conj/Erth      0%         10d2      100%        8
 Animate Armour           Summ/Erth      Unusable   N/A       N/A         4

Dungeon Overview and Level Annotations

Branches:
Dungeon (9/15)             Temple (1/1) D:4            Lair (0/5) D:9
    Orc (2/2) D:9
    Elf: Orc:2

Altars:
Ashenzari
Cheibriados
Dithmenos
Elyvilon
Fedhas
Gozag
Hepliaklqana
Kikubaaqudgha
Makhleb
Nemelex Xobeh
Okawaru
Qazlal
Ru
Sif Muna
Trog
Uskayaw
Vehumet
Wu Jian
Xom
Yredelemnul
Zin
The Shining One

Shops:
D:4 ?   D:9 (


Innate Abilities, Weirdness & Mutations

You are a hulking beast.
Your limbs bulge with bestial killing power. (Slay +6)
You are too large for most types of armour.
You have claws for hands.
Your natural rate of healing is unusually fast.
You are covered in fur. (AC +1)
You have tough skin. (AC +1)


Message History

No target in view!
No target in view!
No target in view!
No target in view!
No target in view!
No target in view!
No target in view!
No target in view!
No target in view!
No target in view!
No target in view!
Items here: ))) [[[ ††.
Things that are here:
a +0 war axe; a +0 leather armour Done exploring.
Done exploring.
Done exploring.
There is a stone staircase leading down here.
You climb downwards.
Found a stone staircase leading up.
There is a stone staircase leading up here.
An ettin comes into view. It is wielding two +0 dire flails.
The ettin shouts in stereo!
There is a stone staircase leading up here.
You barely miss the ettin. You completely miss the ettin.
The ettin barely misses you.
The ettin hits you with a +0 dire flail!!!
You claw the ettin!
The ettin is moderately wounded.
The ettin closely misses you.
The ettin hits you with a +0 dire flail!!
You are too injured to fight recklessly!
You are too injured to fight recklessly!
You are too injured to fight recklessly!
You mangle the ettin!!
The ettin is heavily wounded.
The ettin hits you with a +0 dire flail!!
* * * LOW HITPOINT WARNING * * *
The ettin hits you with a +0 dire flail!!
You die...

..........##
...........
..........##
#.........#
#.........#
#.......<.#
#........#
##.......#
#...h...#
##..C..##
#.....#
#......#
......##
#.......
........#
........##


You could see an ettin.

Vanquished Creatures
  Maggie (D:7)
  A troll (D:9)
  Sigmund (D:2)
  A wraith (D:9)
  6 humans (D:9)
  3 steam dragons
  3 water moccasins
  3 black bears
  An ice beast (D:6)
  3 orc warriors
  A sky beast (D:6)
  4 wolves (D:9)
  An ogre (Orc:1)
  4 centaurs
  A phantom (D:7)
  A bullfrog (D:8)
  3 scorpions
  5 wights (D:8)
  11 killer bees
  2 howler monkeys
  3 electric eels (D:9)
  2 jellies
  6 hounds
  6 orc priests
  2 gnoll boudas
  4 sleepcaps
  3 iguanas
  Ijyb (D:3)
  Terence (D:3)
  6 orc wizards
  8 adders
  12 gnolls
  4 river rats (D:7)
  A white imp (D:4)
  3 worms
  3 dart slugs
  46 orcs
  9 endoplasms
  12 giant cockroaches
  11 goblins
  9 hobgoblins
  A jackal (D:1)
  7 kobolds
  4 quokkas
  8 ball pythons
  7 bats
  5 frilled lizards
  9 rats
  A butterfly (D:4)
250 creatures vanquished.

Notes
Turn   | Place    | Note
-------+----------+-------------------------------------------
     0 | D:1      | ddddddddddd the Troll Shapeshifter began the quest for the
                  | Orb.
     0 | D:1      | Reached XP level 1. HP: 18/18 MP: 0/0
    48 | D:1      | Reached skill level 1 in Fighting
    84 | D:1      | Reached XP level 2. HP: 27/27 MP: 1/1
   191 | D:1      | Found a faded altar of an unknown god.
   199 | D:1      | Got Plato's Textbook on Topomancy
   308 | D:1      | Reached XP level 3. HP: 30/33 MP: 2/2
   831 | D:2      | Reached XP level 4. HP: 41/41 MP: 3/3
  1228 | D:2      | Noticed Sigmund
  1305 | D:3      | Noticed Ijyb
  1310 | D:3      | Killed Ijyb
  1311 | D:3      | Reached skill level 4 in Shapeshifting
  1351 | D:3      | Noticed Terence
  1356 | D:3      | Killed Terence
  1357 | D:3      | Reached XP level 5. HP: 40/49 MP: 4/4
  1988 | D:2      | Killed Sigmund
  1989 | D:2      | Reached skill level 1 in Shields
  1989 | D:2      | Reached XP level 6. HP: 29/59 MP: 5/5
  2200 | D:4      | Reached skill level 5 in Shapeshifting
  2253 | D:4      | Found Jiqes's Magic Scroll Boutique.
  2269 | D:4      | Bought a scroll of revelation for 75 gold pieces
  2269 | D:4      | Bought a scroll of teleportation for 30 gold pieces
  2269 | D:4      | Bought a scroll of fear for 40 gold pieces
  2269 | D:4      | Bought a scroll of revelation for 75 gold pieces
  2269 | D:4      | Bought a scroll of noise for 10 gold pieces
  2289 | D:4      | Reached XP level 7. HP: 66/66 MP: 6/6
  2289 | D:4      | Found a shimmering altar of Xom.
  2418 | D:4      | Found a staircase to the Ecumenical Temple.
  2427 | Temple   | Entered the Ecumenical Temple
  2509 | Temple   | Became a worshipper of Warmaster Okawaru
  3016 | D:5      | Entered Level 5 of the Dungeon
  3255 | D:5      | Reached skill level 1 in Invocations
  3592 | D:5      | Reached skill level 5 in Unarmed Combat
  3873 | D:6      | Reached * piety under Okawaru
  3874 | D:6      | Reached XP level 8. HP: 75/75 MP: 8/8
  3944 | D:6      | Reached skill level 6 in Shapeshifting
  4285 | D:6      | Reached ** piety under Okawaru
  4502 | D:7      | Noticed Maggie
  4514 | D:7      | Killed Maggie
  4515 | D:7      | Reached XP level 9. HP: 52/84 MP: 10/10
  4525 | D:7      | Found a burning altar of Makhleb.
  4529 | D:7      | Reached skill level 7 in Shapeshifting
  4858 | D:7      | Found a shimmering blue altar of Sif Muna.
  4868 | D:7      | Found a shadowy altar of Dithmenos.
  5436 | D:7      | Reached *** piety under Okawaru
  5542 | D:8      | Found a basalt altar of Yredelemnul.
  5644 | D:8      | Reached skill level 5 in Fighting
  5648 | D:8      | Reached skill level 5 in Shields
  5836 | D:8      | Reached skill level 8 in Shapeshifting
  5836 | D:8      | Reached XP level 10. HP: 96/96 MP: 12/12
  6151 | D:9      | Reached **** piety under Okawaru
  6345 | D:9      | Found a staircase to the Lair.
  6421 | D:9      | Found Calyhapi's Weapon Emporium.
  6437 | D:9      | Found a staircase to the Orcish Mines.
  6571 | D:9      | Reached skill level 5 in Invocations
  6913 | Orc:1    | Entered Level 1 of the Orcish Mines
  6954 | Orc:2    | Entered Level 2 of the Orcish Mines
  6956 | Orc:2    | Noticed an ettin
  6964 | Orc:2    | HP: 4/98 [ettin/+0 dire flail (33)]
  6964 | Orc:2    | Annihilated by an ettin

Illustrated notes

Levels and vault maps discovered:
D:1:      wheals_arrival_shading, layout_rooms,
          shapermc_ecumenical_altar_rom_forum, st_stairs_8, minmay_heptomino_d4
D:2:      minmay_roachtagon, layout_basic, uniq_sigmund
D:3:      layout_loops_ring, uniq_ijyb, uniq_terence
D:4:      layout_loops_ring, xom_butterflies, lemuel_temple_firewalk_a,
          serial_shops, shop_statue
D:5:      layout_basic
D:6:      layout_basic, hellmonk_no_cap
D:7:      wad_woods_stonehenge, layout_basic,
          mainiacjoe_overflow_large_starburst, minmay_misc_feat_tower,
          minmay_misc_feat_plants, uniq_maggie
D:8:      layout_basic, mainiacjoe_overflow_tiny_flanked,
          chequers_serial_rivers_small_b
D:9:      layout_basic, erik_lair_island, orc_david_3, minmay_ruffians
Temple:   mainiacjoe_temple_bowtie_tessellation
Orc:1:    layout_diamond_mine, serial_shops, shop_statue, elves_outpost_lemuel
Orc:2:    pf_orc_diabolical, layout_caves, mines_bat_river, uniq_saint_roka

Skill      XL: |  1  2  3  4  5  6  7  8  9 10 |
---------------+-------------------------------+-----
Fighting       | 1 2 3 4 5 |  5.7
Shapeshifting  | 4 5 6 8 |  8.8
Unarmed Combat | 4 5 6 7 |  7.4
Shields        | 1 2 4 5 |  5.8
Invocations    | 1 3 4 5 |  5.0
Dodging        | |  1.5

Action                     |  1- 3 |  4- 6 |  7- 9 | 10-12 || total
---------------------------+-------+-------+-------+-------++-------
  Melee: Unarmed           |    95 |   116 |   276 |   123 ||   610
         Punch             |       |     1 |       |       ||     1
    Use: Scroll            |       |       |     3 |     2 ||     5
   Stab: Sleeping          |       |     4 |     2 |       ||     6
 Armour: Animal skin       |    34 |    28 |    30 |       ||    92
         Steam dragon scal |       |       |    53 |    40 ||    93
  Dodge: Dodged            |    46 |    34 |   146 |    63 ||   289
  Block: Kite shield       |       |    18 |   149 |    58 ||   225

Table legend: (Time is in decaauts)
 A = Elapsed time spent in this place.
 B = Non-inter-level travel time spent in this place.
 C = Inter-level travel time spent in this place.
 D = Time resting spent in this place.
 E = Time spent auto-exploring this place.
 F = Levels seen in this place.
 G = Mean time per level.
                   A        B        C        D        E       F      G
               +--------+--------+--------+--------+--------+-----+--------+
         Total |   6951 |   6688 |    263 |     79 |   5141 |  12 |  579.2 |
       Dungeon |   6786 |   6524 |    262 |     79 |   5127 |   9 |  754.0 |
        Temple |    115 |    115 |      0 |      0 |      0 |   1 |  115.0 |
  Orcish Mines |     49 |     49 |      0 |      0 |     14 |   2 |   24.5 |
               +--------+--------+--------+--------+--------+-----+--------+

Top non-repeatable levels by time:
     D:7: 979 daAuts
     D:9: 855 daAuts
     D:5: 853 daAuts
     D:2: 840 daAuts
     D:4: 814 daAuts
     D:3: 748 daAuts
     D:6: 629 daAuts
     D:8: 573 daAuts
     D:1: 492 daAuts
  Temple: 115 daAuts
   Orc:1: 39 daAuts
   Orc:2: 9 daAuts
